 Dungeon Crawl Stone Soup version 0.17-a0-1880-gacf7e67 (webtiles) character file.

92202 Ijustatesigmund the Whirler (level 16, -5/109 HPs)
             Began as a Halfling Hunter on Sept 21, 2015.
             Was a High Priest of Okawaru.
             Killed by drain life
             ... invoked by a soul eater
             ... summoned by a deep elf high priest
              (17 damage)
             ... on level 13 of the Dungeon.
             The game lasted 01:50:35 (27250 turns).

Ijustatesigmund the Whirler (Halfling Hunter)      Turns: 27250, Time: 01:50:35

Health: -5/109     AC: 23    Str: 18    XL:     16   Next: 52%
Magic:  15/23      EV: 35    Int: 10    God:    Okawaru [*****.]
Gold:   750        SH:  0    Dex: 32    Spells: 2 memorised, 11 levels left

rFire  + . .     SeeInvis .     F - +8 hunting sling "Ogidota" {velocity, Dex+4}
rCold  . . .     Clarity  .     G - +3 leather armour {rF+}
rNeg   . . .     SustAt   .     (shield restricted)
rPois  .         Gourm    .     I - +2 helmet "Ymemnar" {rCorr Str+6}
rElec  .         Spirit   .     J - +1 cloak {+Inv}
rCorr  +         Warding  .     g - +2 pair of gloves
rMut   .         Stasis   .     c - +2 pair of boots
MR     +....                    H - amulet of rage
Stlth  +++++++++.               A - +6 ring of dexterity
                                p - +2 ring of protection

@: heroism, finesse, somewhat resistant to hostile enchantments, incredibly
stealthy
A: mutation resistance 1
a: Heroism, Finesse, Renounce Religion, Evoke Berserk Rage, Evoke Invisibility


You were on level 13 of the Dungeon.
You worshipped Okawaru.
Okawaru was extremely pleased with you.
You were very hungry.

You visited 3 branches of the dungeon, and saw 26 of its levels.
You also visited: Volcano.

You collected 2890 gold pieces.
You spent 2140 gold pieces at shops.

Inventory:

Hand weapons
 q - a +4 greatsling of flaming
 F - the +8 hunting sling "Ogidota" (weapon) {velocity, Dex+4}
   (Okawaru gifted it to you on level 8 of the Lair of Beasts)

   Any stone fired from it inflicts extra damage.
   It affects your dexterity (+4).
 W - a +3 dagger
Missiles
 d - 10 sling bullets of frost
 h - 78 stones (quivered)
 j - 37 poisoned sling bullets
 k - 54 sling bullets of flame
 s - 8 exploding sling bullets
 N - 8 silver sling bullets
Armour
 b - the +1 hat "Tor Iloh" {rN+ Int-5 Dex+3}
   (Okawaru gifted it to you on level 11 of the Dungeon)

   It affects your intelligence (-5).
   It affects your dexterity (+3).
   It protects you from negative energy.
 c - a +2 pair of boots (worn)
 g - a +2 pair of gloves (worn)
 i - a +0 shield
 G - a +3 leather armour of fire resistance (worn)
 I - the +2 helmet "Ymemnar" (worn) {rCorr Str+6}
   (You bought it in a shop on level 4 of the Orcish Mines)

   It affects your strength (+6).
   It protects you from acid and corrosion.
 J - a +1 cloak of invisibility (worn)
Jewellery
 p - a +2 ring of protection (left hand)
 r - an uncursed ring of protection from fire
 A - a +6 ring of dexterity (right hand)
 H - an amulet of rage (around neck)
 K - an uncursed ring of stealth
 O - a +3 ring of evasion
Magical devices
 y - a wand of invisibility (3)
 z - a wand of enslavement (9)
 B - a wand of draining (6)
 L - a wand of disintegration (11)
 V - a wand of lightning (7)
Scrolls
 f - 3 scrolls of fear
 l - 3 scrolls of teleportation
 o - 6 scrolls of remove curse
 v - a scroll of recharging {unknown}
 x - 3 scrolls of enchant weapon
 C - a scroll of magic mapping
 P - a scroll of enchant armour
 S - 4 scrolls of identify
Potions
 a - 4 potions of invisibility
 m - 3 potions of curing
 n - a potion of cancellation
 t - a potion of might
 u - 3 potions of magic
 w - 2 potions of haste
 E - 5 potions of flight
 M - 4 potions of agility
 T - a potion of heal wounds
 Y - 4 potions of berserk rage
 Z - 2 potions of brilliance
Comestibles
 e - 14 bread rations
 D - 8 meat rations
 U - 21 fruits


   Skills:
 - Level 10.1(15.1) Fighting
 - Level 9.7(14.7) Short Blades
 + Level 15.4(20.4) Slings
 + Level 10.5(15.5) Armour
 + Level 11.0(16.0) Dodging
 + Level 13.5(18.5) Stealth
 - Level 5.2 Charms
 - Level 5.1 Translocations
 - Level 5.0 Air Magic
 - Level 10.5 Invocations
 - Level 6.9 Evocations


You had 11 spell levels left.
You knew the following spells:

 Your Spells              Type           Power        Failure   Level  Hunger
a - Blink                 Tloc           N/A          10%         2    ###....
b - Repel Missiles        Chrm/Air       ##....       10%         2    ###....


Dungeon Overview and Level Annotations

Branches:
Dungeon (14/15)            Temple (0/1) D:7            Lair (8/8) D:10
 Shoals (0/4) Lair:6       Spider (0/4) Lair:6        Slime (0/6) Lair:6
    Orc (4/4) D:10            Elf (0/3) Orc:3
 Vaults: D:13-14

Altars:
Ashenzari
Dithmenos
Elyvilon
Kikubaaqudgha
Makhleb
Nemelex Xobeh
Okawaru
Qazlal
Ru
Sif Muna
Trog
Zin
Beogh

Shops:
D:8 *   D:11 }   Orc:3 }   Orc:4 }***:


Innate Abilities, Weirdness & Mutations

You are small and have problems with some larger weapons.
You are somewhat resistant to further mutation.


Message History

Press: ? - help, Shift-Dir - straight line, f/p - soul eater
Aim: a soul eater (severely wounded, summoned)
You shoot a stone.
The stone hits the soul eater but does no damage.
The soul eater is severely wounded.
Firing (i - inventory. (,) - cycle):
h - 79 stones (quivered)
Press: ? - help, Shift-Dir - straight line, f/p - soul eater
Aim: a soul eater (severely wounded, summoned)
You shoot a stone. The stone barely misses the soul eater.
The stone hits the deep elf high priest!
The deep elf high priest is moderately wounded.
The tengu reaver hits you with a vampiric battleaxe!!
* * * LOW HITPOINT WARNING * * *
The tengu reaver draws strength from your injuries!
The tengu reaver misses you. The tengu reaver completely misses you.
Cast which spell? (? or * to list)
You blink.
You are feeling very hungry.
The soul eater draws from the surrounding life force!
You die...

#....≈#......#
#≈≈..#
#...≈≈#.....#
#≈≈.##
#..........#
#≈≈.'.
#..........###
#≈≈.'.
#...≈≈#.....#(#
#≈≈.##
#....≈#..33e(#
#≈≈..#
#....≈####Q.*##
. #≈... #....≈≈
#.C.##...#
≈≈≈... #.....≈
#@..(..#
≈≈≈≈.... ##....
#......# ≈≈≈...
#......#
########


You could see a tengu reaver, an ettin, a soul eater, an ice devil and a deep
elf high priest.

Vanquished Creatures
  An acid blob (Lair:6)
  Kirke (D:12)
  Maud (D:11)
  4 dire elephants (Lair:8)
  8 hydras
  Harold (Orc:2)
  An anaconda (Lair:8)
  A centaur warrior (D:13)
  3 death yaks (Lair:6)
  4 ogre magi (Orc:4)
  A deep troll earth mage (D:13)
  An orc high priest (Orc:4)
  3 unseen horrors
  7 hill giants
  An orc knight (Orc:4)
  3 oklob plants
  The ghost of mcbry74 the Covert, an experienced VSAs of Fedhas (D:8)
  2 ugly things
  6 statues (Volcano)
  An orc sorcerer (Orc:4)
  7 black mambas
  A manticore (D:11)
  2 sirens (Lair:6)
  19 elephants
  A molten gargoyle (Volcano)
  20 spiny frogs
  2 gargoyles
  3 fire drakes
  4 trolls
  5 komodo dragons
  2 polar bears
  2 merfolk (Lair:6)
  17 two-headed ogres
  Grinder (D:5)
  Prince Ribbit (D:6)
  A boulder beetle (Lair:4)
  A trapdoor spider zombie (D:9)
  39 blink frogs
  A wraith (D:10)
  Sigmund (D:5)
  3 trapdoor spiders (Lair:6)
  A spriggan (D:8)
  4 fire bats
  2 wyverns
  Eustachio (D:5)
  40 yaks
  2 basilisks
  11 hippogriffs
  3 hogs
  3 hungry ghosts
  A soldier ant (shapeshifter) (D:13)
  17 water moccasins
  3 wargs
  11 wolves
  8 porcupines
  29 orc warriors
  3 black bears
  A phantom (D:8)
  4 sky beasts
  2 eyes of draining
  5 ice beasts
  33 ogres
  2 wasps (D:12)
  A necrophage (D:10)
  2 big kobolds (D:11)
  2 centaurs
  18 crocodiles
  15 giant frogs
  A gnoll sergeant (D:9)
  A wyvern skeleton (D:11)
  A water moccasin skeleton (D:10)
  3 scorpions
  A killer bee (D:8)
  An electric eel (D:13)
  6 lava snakes (Volcano)
  3 wights (D:12)
  A quasit (D:7)
  2 vampire bats (D:6)
  4 crimson imps
  2 centaur zombies
  2 giant frog zombies
  7 hounds
  A wasp zombie (D:9)
  3 giant frog skeletons
  4 jellies
  2 centaur skeletons
  19 orc priests
  10 worker ants
  7 iguanas
  26 orc wizards
  21 sheep
  A hound zombie (D:5)
  A worker ant zombie (D:8)
  12 adders
  7 gnolls
  4 shadow imps
  48 river rats
  2 oozes (D:3)
  2 worms
  7 giant geckos
  188 orcs
  3 bat skeletons (D:6)
  2 bat zombies (D:6)
  5 giant cockroaches
  6 goblins
  5 hobgoblins
  8 jackals
  14 kobolds
  10 quokkas
  3 ball pythons
  6 bats
  A giant gecko zombie (D:5)
  3 giant newts
  A jackal zombie (D:8)
  A quokka zombie (D:6)
  9 rats
  3 fungi
  4 plants
892 creatures vanquished.

Vanquished Creatures (others)
  10 fungi
  8 plants
18 creatures vanquished.

Grand Total: 910 creatures vanquished

Notes
Turn   | Place    | Note
--------------------------------------------------------------
     0 | D:1      | Ijustatesigmund the Halfling Hunter began the quest for the Orb.
     0 | D:1      | Reached XP level 1. HP: 14/14 MP: 1/1
   112 | D:1      | Reached skill level 6 in Slings
   187 | D:1      | Reached XP level 2. HP: 19/19 MP: 2/2
   586 | D:1      | Reached skill level 7 in Slings
   586 | D:1      | Reached XP level 3. HP: 24/24 MP: 3/3
   904 | D:2      | You fall through a shaft for 2 floors!
   908 | D:4      | Reached XP level 4. HP: 29/29 MP: 4/4
   947 | D:4      | Reached skill level 8 in Slings
  1201 | D:4      | Reached XP level 5. HP: 34/34 MP: 5/5
  1202 | D:4      | Noticed an ice beast
  1208 | D:4      | Killed an ice beast
  1208 | D:4      | Reached skill level 9 in Slings
  1208 | D:4      | Reached XP level 6. HP: 39/39 MP: 6/6
  1317 | D:2      | Found a burning altar of Makhleb.
  1350 | D:2      | Found an iron altar of Okawaru.
  1356 | D:2      | Became a worshipper of Warmaster Okawaru
  1424 | D:2      | Found a glowing silver altar of Zin.
  1424 | D:2      | Noticed an angel
  1425 | D:2      | Noticed an Executioner
  1645 | D:3      | Reached skill level 10 in Slings
  1827 | D:3      | Reached skill level 1 in Invocations
  1884 | D:3      | Noticed a sky beast
  1896 | D:3      | Killed a sky beast
  2329 | D:3      | Found a shadowy altar of Dithmenos.
  2329 | D:3      | Found a deep blue altar of Sif Muna.
  2329 | D:3      | Found a stormy altar of Qazlal.
  2519 | D:3      | Reached XP level 7. HP: 44/44 MP: 8/8
  3189 | D:5      | Entered Level 5 of the Dungeon
  3207 | D:5      | Noticed Grinder
  3210 | D:5      | Paralysed by Grinder for 2 turns
  3226 | D:5      | Killed Grinder
  3226 | D:5      | Reached skill level 11 in Slings
  3290 | D:5      | Acquired Okawaru's first power
  3350 | D:5      | Noticed Eustachio
  3508 | D:5      | Killed Eustachio
  3508 | D:5      | Reached XP level 8. HP: 17/49 MP: 9/11
  3746 | D:5      | Reached skill level 5 in Invocations
  3886 | D:5      | HP: 1/49 [orc priest/divine providence (9)]
  4343 | D:5      | Noticed Sigmund
  4356 | D:5      | Killed Sigmund
  4356 | D:5      | Reached skill level 12 in Slings
  4718 | D:6      | Noticed Prince Ribbit
  4731 | D:6      | Killed Prince Ribbit
  4731 | D:6      | Reached XP level 9. HP: 41/54 MP: 12/14
  4762 | D:6      | Reached skill level 13 in Slings
  4819 | D:6      | Found an ancient bone altar of Kikubaaqudgha.
  4945 | D:6      | Reached skill level 1 in Short Blades
  5159 | D:6      | Found a white marble altar of Elyvilon.
  5177 | D:6      | Got a slimy robe
  5188 | D:6      | Identified the +2 robe of the Orb {MP+9 Dex+5} (You found it on level 6 of the Dungeon)
  5615 | D:7      | Got a steaming hunting sling
  5616 | D:7      | Identified the +9 hunting sling of Xulinkeor {velocity, MP+9} (You found it on level 7 of the Dungeon)
  5983 | D:7      | Got a jet-studded ring mail
  6183 | D:7      | Found a staircase to the Ecumenical Temple.
  6258 | D:7      | Reached skill level 14 in Slings
  6294 | D:7      | Identified the +5 ring mail of Ymusin {*Confuse rPois Int+3 Dex+7} (You found it on level 7 of the Dungeon)
  6358 | D:8      | Reached skill level 5 in Short Blades
  6358 | D:8      | Reached XP level 10. HP: 60/60 MP: 15/15
  6390 | D:8      | Reached skill level 5 in Dodging
  6500 | D:8      | Received a gift from Okawaru
  6660 | D:8      | Found a sparkling altar of Nemelex Xobeh.
  6660 | D:8      | Found a sacrificial altar of Ru.
  6705 | D:8      | Received a gift from Okawaru
  6736 | D:8      | Noticed mcbry74's ghost (experienced VSAs)
  6746 | D:8      | Killed mcbry74's ghost
  6753 | D:8      | Found Wucry's General Store.
  6894 | D:8      | Reached skill level 15 in Slings
  7136 | D:9      | Reached skill level 1 in Armour
  7316 | D:9      | Found a shattered altar of Ashenzari.
  7571 | D:9      | Reached XP level 11. HP: 67/67 MP: 16/16
  7686 | D:9      | Killed an unseen horror
  7868 | D:10     | Entered Level 10 of the Dungeon
  7899 | D:10     | Acquired Okawaru's second power
  7941 | D:10     | Found a staircase to the Orcish Mines.
  7954 | D:10     | Noticed a hill giant
  7960 | D:10     | Killed a hill giant
  7960 | D:10     | Reached skill level 5 in Armour
  7960 | D:10     | Reached skill level 5 in Stealth
  8039 | D:10     | Noticed a hill giant
  8047 | D:10     | Killed a hill giant
  8049 | D:10     | Found a staircase to the Lair.
  8225 | Lair:1   | Entered Level 1 of the Lair of Beasts
  8240 | D:10     | Received a gift from Okawaru
  8240 | D:10     | Reached skill level 5 in Fighting
  8698 | D:10     | Killed an unseen horror
  9105 | D:10     | Found a roughly hewn altar of Beogh.
  9148 | D:11     | Noticed a hill giant
  9156 | D:11     | Noticed a manticore
  9156 | D:11     | Killed a hill giant
  9156 | D:11     | Reached XP level 12. HP: 59/78 MP: 17/17
  9498 | D:11     | Killed an unseen horror
  9528 | D:11     | Killed a manticore
  9560 | D:11     | Found a bloodstained altar of Trog.
  9562 | D:11     | Found Umnaenuk's Gadget Shop.
  9678 | D:11     | Noticed Maud
  9700 | D:11     | Killed Maud
 10182 | D:11     | Received a gift from Okawaru
 10188 | D:11     | Got a slimy hat {god gift}
 10199 | D:11     | Identified the +1 hat "Tor Iloh" {rN+ Int-5 Dex+3} (Okawaru gifted it to you on level 11 of the Dungeon)
 10679 | D:12     | Found a sparkling altar of Nemelex Xobeh.
 11790 | Lair:1   | Reached XP level 13. HP: 88/88 MP: 18/18
 12014 | Lair:2   | Reached skill level 10 in Stealth
 12549 | Lair:2   | Reached skill level 10 in Armour
 13076 | Lair:3   | Reached skill level 1 in Evocations
 13304 | Lair:3   | Received a gift from Okawaru
 14079 | Lair:3   | Received a gift from Okawaru
 14679 | Lair:4   | Reached XP level 14. HP: 97/97 MP: 20/20
 14708 | Lair:4   | Received a gift from Okawaru
 15108 | Lair:4   | Received a gift from Okawaru
 16508 | Lair:5   | Received a gift from Okawaru
 16589 | Lair:6   | Found a staircase to the Shoals.
 17144 | Lair:6   | Reached skill level 10 in Dodging
 17250 | Lair:6   | Found a staircase to the Slime Pits.
 17564 | Lair:6   | Reached skill level 10 in Fighting
 17897 | Lair:6   | Found a hole to the Spider Nest.
 18448 | Lair:6   | Noticed an acid blob
 18454 | Lair:6   | Killed an acid blob
 18614 | Lair:7   | Reached skill level 5 in Evocations
 18914 | Lair:7   | Received a gift from Okawaru
 18986 | Lair:7   | Reached XP level 15. HP: 100/103 MP: 22/22
 19249 | Lair:8   | Entered Level 8 of the Lair of Beasts
 19613 | Lair:8   | Received a gift from Okawaru
 19627 | Lair:8   | Got an ancient hunting sling {god gift}
 19711 | Lair:8   | Identified the +8 hunting sling "Ogidota" {velocity, Dex+4} (Okawaru gifted it to you on level 8 of the Lair of Beasts)
 19894 | Lair:8   | Reached skill level 10 in Invocations
 21597 | Lair:1   | Learned a level 2 spell: Blink
 21600 | Lair:1   | Learned a level 2 spell: Repel Missiles
 21629 | Orc:1    | Entered Level 1 of the Orcish Mines
 22302 | Orc:2    | Reached skill level 1 in Charms
 22467 | Orc:3    | Received a gift from Okawaru
 22566 | Orc:2    | Reached skill level 1 in Translocations
 22576 | Orc:2    | Found a dark tunnel.
 22586 | Volcano  | Entered a volcano
 22635 | Volcano  | Reached skill level 1 in Air Magic
 22821 | Volcano  | Found a shimmering altar of Xom.
 22857 | Volcano  | Received a gift from Okawaru
 23030 | Orc:2    | Noticed Harold
 23043 | Orc:2    | Killed Harold
 23705 | Orc:4    | Entered Level 4 of the Orcish Mines
 23758 | Orc:4    | Found Guitho's Gadget Shop.
 24114 | Orc:4    | Received a gift from Okawaru
 24202 | Orc:4    | Reached XP level 16. HP: 106/109 MP: 23/23
 24347 | Orc:4    | Reached skill level 5 in Charms
 24354 | Orc:4    | Reached skill level 5 in Translocations
 24377 | Orc:4    | Found Zomoecet's General Store.
 24377 | Orc:4    | Found Duatroll's Assorted Antiques.
 24381 | Orc:4    | Found Imuephu's Book Shop.
 24381 | Orc:4    | Found Bekkeho's Assorted Antiques.
 24434 | Orc:4    | Bought a warped helmet for 285 gold pieces
 24444 | Orc:4    | Identified the +2 helmet "Ymemnar" {rCorr Str+6} (You bought it in a shop on level 4 of the Orcish Mines)
 24447 | Orc:4    | Bought an encrusted cloak for 351 gold pieces
 24447 | Orc:4    | Bought 2 bubbling yellow potions for 66 gold pieces
 24457 | Orc:4    | Identified the cursed +0 cloak of Shadows and Fog {rF- rCorr Int+5} (You bought it in a shop on level 4 of the Orcish Mines)
 24465 | Orc:4    | Bought a runed cloak for 135 gold pieces
 24465 | Orc:4    | Bought an embroidered cloak for 135 gold pieces
 24490 | Orc:4    | Bought a scroll of teleportation for 90 gold pieces
 24490 | Orc:4    | Bought a potion of heal wounds for 150 gold pieces
 24491 | Orc:4    | Bought a scroll of acquirement for 780 gold pieces
 24493 | Orc:4    | Bought a worn copper wand for 148 gold pieces
 24853 | Orc:3    | Found Huoprobb's Gadget Boutique.
 24944 | Orc:3    | Found a staircase to the Elven Halls.
 24963 | Orc:3    | Reached skill level 5 in Air Magic
 25587 | D:12     | Noticed Kirke
 25613 | D:12     | You fall through a shaft for 2 floors!
 26035 | D:13     | Found a sacrificial altar of Ru.
 26327 | D:12     | Noticed a sphinx
 26732 | D:12     | Killed Kirke
 27219 | D:13     | Noticed a tengu reaver
 27250 | D:13     | Killed from afar by a soul eater

Vault maps used:
D:1:      minmay_arrival_cross, serial_forest, infiniplex_forest_straight_2,
          infiniplex_forest_clump_curved, infiniplex_forest_end_1,
          infiniplex_forest_lined_3, infiniplex_forest_straight_2,
          infiniplex_forest_lined_room_2, amethyst_killhole,
          corexii_leaking_fountain
D:2:      grunt_temple_overflow_order_and_chaos_2, lemuel_round_altar
D:3:      gammafunk_temple_overflow_forgotten
D:4:      nicolae_overflow_hidden_temple, first_bread
D:5:      uniq_sigmund, uniq_grinder, uniq_eustachio
D:6:      kennysheep_mini, kennysheep_vampire_church, uniq_prince_ribbit1
D:7:      minmay_temple_entry_nine_rooms
D:8:      minmay_imperfect_grid, gammafunk_temple_overflow_elements,
          serial_shops, kennysheep_mini_moat, the_bakery
D:9:      evilmike_ruin_ashenzari
D:10:     david_lair_generic, special_room
D:11:     serial_shops, shop, bloody_trog, uniq_maud
D:12:     basic_altar, grunt_decor_mini_mirrors, uniq_kirke
D:13:     cross_vault, grunt_vaults_entry_tiered, basic_altar
D:14:     minmay_thick_lines, wad_floor_pattern_untrapped
Lair:1:   st_stairs_5, minmay_hedge_maze
Lair:2:   lemuel_fruit_fields, infiniplex_staircase_pool, serial_bayou_shore_b
Lair:4:   grunt_forest_large_clearings
Lair:6:   elwin_shoals_entry_stream, spider_nest_entry_webs,
          minmay_slime_entry_oklob_open
Lair:7:   lemuel_fruit_fields
Lair:8:   due_jungle_book, lemuel_fruit_fields
Orc:2:    nicolae_volcano_entry_batcave, uniq_harold
Orc:3:    serial_shops, shop, nicolae_orc_pool_cavern, mines3_lemuel
Orc:4:    st_orc_ogre_mass, serial_shops, shop, lemuel_statue_altar
Volcano:  volcano_grotto

Action                   |  1- 3 |  4- 6 |  7- 9 | 10-12 | 13-15 | 16-18 || total
-------------------------+-------+-------+-------+-------+-------+-------++-------
Melee: Short sword       |       |       |    17 |    52 |       |       ||    69
       Dagger            |       |       |       |   105 |   108 |     7 ||   220
       Hunting sling     |       |       |       |       |     4 |     2 ||     6
       Unarmed           |       |       |       |       |       |    14 ||    14
 Fire: Hunting sling     |    79 |   119 |   387 |   681 |  1955 |   423 ||  3644
 Cast: Blink             |       |       |       |       |       |     1 ||     1
Invok: Heroism           |       |       |     2 |     4 |     5 |     3 ||    14
       Finesse           |       |       |       |       |     3 |     2 ||     5
Evoke: Wand              |       |       |       |     2 |       |       ||     2
  Use: Scroll            |     3 |     6 |    14 |    13 |     9 |     8 ||    53
       Potion            |       |     3 |     5 |     1 |     1 |     2 ||    12
  Eat: Chunk             |       |     3 |     4 |     9 |    13 |     4 ||    33
       Royal jelly       |       |     1 |       |       |     1 |       ||     2
       Bread ration      |       |       |     1 |       |     2 |     1 ||     4
       Beef jerky        |       |       |     2 |     1 |     2 |       ||     5
       Fruit             |       |       |       |     6 |     8 |       ||    14
       Pizza             |       |       |       |       |     2 |       ||     2
